 Dungeon Crawl Stone Soup version 0.21-a0-24-ga372141 (webtiles) character file.

1884627 tomku the Conqueror (level 27, 242/272 (273) HPs)
             Began as a Ghoul Monk on May 24, 2017.
             Was the Champion of Makhleb.
             Escaped with the Orb
             ... and 3 runes on May 25, 2017!
             The game lasted 06:01:10 (60463 turns).

tomku the Conqueror (Ghoul Monk)                   Turns: 60463, Time: 06:01:10

HP:   242/272 (273) AC: 57    Str: 28      XL:     27
MP:   32/32         EV: 16    Int:  8      God:    Makhleb [******]
Gold: 4583          SH: 23    Dex: 20 (21) Spells: 17/26 levels left

rFire    + . .     SeeInvis +     - Unarmed
rCold    + . .     Gourm    .   I - +2 shield {AC+3}
rNeg     + + +     Faith    .   D - +11 crystal plate armour
rPois    ∞         Spirit   .   P - +1 helmet {Int+3}
rElec    .         Reflect  +   R - +0 cloak of Nukikoth {rPois rF+ Str+3 Dex+7}
rCorr    .         Harm     .   K - +3 pair of gauntlets of War {Slay+5}
MR       +++..                  l - +2 pair of boots of the Assassin {Detection Stab+ Stlth++}
Stlth    ..........             W - +6 amulet of reflection
Regen    0.0/turn               E - ring of protection from magic
MPRegen  0.3/turn               h - ring of see invisible

@: rotting
A: rotting body, claws 1, carnivore 3, cold resistance 1, negative energy
resistance 3, inhibited regeneration, torment resistance, unbreathing
0: Orb of Zot
}: 3/15 runes: barnacled, silver, gossamer
a: Minor Destruction, Lesser Servant of Makhleb, Major Destruction, Greater
Servant of Makhleb, Renounce Religion


You escaped.
You worshipped Makhleb.
Makhleb was exalted by your worship.
You were not hungry.

You visited 10 branches of the dungeon, and saw 50 of its levels.
You visited the Abyss 2 times.
You visited 1 bazaar.
You also visited: Ossuary and Wizlab.

You collected 7222 gold pieces.
You spent 2639 gold pieces at shops.

Inventory:

Hand Weapons
 w - a +1 blowgun
Missiles
 i - 56 tomahawks
 o - 9 throwing nets (quivered)
 M - 20 curare-tipped needles
Armour
 l - the +2 pair of boots of the Assassin (worn) {Detection Stab+ Stlth++}
   (You found it on level 3 of the Depths)

   It makes you much more stealthy.
 D - a +11 crystal plate armour (worn)
 I - a +2 shield of protection (worn)
 K - the +3 pair of gauntlets of War (worn) {Slay+5}
   (You found it on level 5 of the Vaults)

   It affects your accuracy and damage with ranged weapons and melee attacks
   (+5).
 P - a +1 helmet of intelligence (worn)
 R - the +0 cloak of Nukikoth (worn) {rPois rF+ Str+3 Dex+7}
   (You took it off a draconian knight on level 3 of the Realm of Zot)

   It affects your strength (+3).
   It affects your dexterity (+7).
   It protects you from fire.
   It protects you from poison.
Jewellery
 h - a ring of see invisible (right hand)
 y - a +6 ring of slaying
 E - a ring of protection from magic (left hand)
 W - a +6 amulet of reflection (around neck)
 X - an uncursed ring of resist corrosion
 Y - an uncursed ring of protection from fire
Wands
 k - a wand of digging (5/24)
 A - a wand of confusion (10/48)
 G - a wand of acid (10/15)
 H - a wand of disintegration (8/24)
 L - a wand of clouds (4/9)
 N - a wand of clouds (6/9)
 O - a wand of confusion (25/48)
 Z - a wand of paralysis (17/24)
Scrolls
 f - 17 scrolls of remove curse
 g - 12 scrolls of amnesia
 s - 9 scrolls of teleportation
 t - a scroll of silence
 v - 24 scrolls of identify
 z - 3 scrolls of fear
 B - a scroll of blinking
 F - a scroll of magic mapping
 S - 2 scrolls of brand weapon
 T - 2 scrolls of summoning
 U - 18 scrolls of recharging
Potions
 c - 22 potions of curing
 d - 4 potions of ambrosia
 e - 12 potions of brilliance
 j - a potion of invisibility
 n - 2 potions of magic
 p - 7 potions of flight
 q - 7 potions of might
 r - 8 potions of heal wounds
 u - 2 potions of cancellation
 C - 5 potions of agility
 Q - 2 potions of resistance
Comestibles
 a - 27 royal jellies {!e}
 b - 24 meat rations {!e}


   Skills:
 O Level 27 Fighting
 - Level 24.0 Armour
 + Level 14.3 Dodging
 - Level 2.1 Stealth
 + Level 15.4 Shields
 + Level 25.8 Unarmed Combat
 - Level 14.0 Invocations


You had 17 spell levels left.
You knew the following spells:

 Your Spells              Type           Power        Failure   Level  Hunger
a - Apportation           Tloc           #.....       98%         1    ##.....
b - Blink                 Tloc           N/A          99%         2    ###....
c - Confusing Touch       Hex            #.....       98%         1    ##.....
d - Regeneration          Chrm/Necr      #.........   100%        3    ####...
e - Shroud of Golubria    Chrm/Tloc      #.........   99%         2    ###....


Dungeon Overview and Level Annotations

Branches:
Dungeon (15/15)            Temple (1/1) D:7            Lair (6/6) D:10
 Shoals (4/4) Lair:4       Spider (4/4) Lair:4        Slime (0/5) Lair:5
    Orc (2/2) D:10            Elf (3/3) Orc:2        Vaults (5/5) D:14
  Crypt (0/3) Vaults:3     Depths (5/5) D:15            Zot (5/5) Depths:5

Altars:
Ashenzari
Cheibriados
Dithmenos
Elyvilon
Fedhas
Hepliaklqana
Kikubaaqudgha
Makhleb
Qazlal
Ru
Sif Muna
Uskayaw
Vehumet
Wu Jian
Yredelemnul
Jiyva

Shops:
D:6 [   D:7 %?!:   D:9 %=!(   D:13 (   Orc:2 ([**%   Elf:2 (   Vaults:2 %
Depths:1 (   Depths:4 ((}   Depths:5 *

Portals:
Hell: Depths:1 Depths:2 Depths:3 Depths:4 Depths:5
Abyss: Depths:1 Depths:3 Depths:4
Pandemonium: Depths:3
Ziggurat: Depths:4

Annotations:
Lair:5 exclusion: oklob plant
Lair:6 exclusion: door
Elf:3 exclusion: upstairs


Innate Abilities, Weirdness & Mutations

Your body is rotting away.
You thrive on raw meat.
You are immune to poison.
You have sharp fingernails.
You are carnivorous and can eat meat at any time.
Your flesh is cold resistant. (rC+)
You are immune to negative energy. (rN+++)
You do not regenerate when monsters are visible.
You are immune to unholy pain and torment.
You can survive without breathing.


Message History

There is a stone staircase leading down here.
Enter note: we're make it together, my beloved feline!
You are already empty-handed.
You are already empty-handed.
Wield which item (- for none, * to show all)? (? for menu, Esc to quit)
That's the wrong kind of item! (Use * to select it.) Wield which item (- for none, * to show all)? (? for menu, Esc to quit)
Okay, then.
Enter note: we'll* even :D You block Natasha's attack.
Natasha stares at you and mumbles some strange words.
The magic dart hits you!
There is a staircase leading out of the dungeon here.
A sixfirhy comes into view.
You pummel Natasha!!
You kill Natasha!
Makhleb accepts your kill.
You feel better.
Enter note: just joking i owe nobody nuffin You have escaped!

##.......## #.#).#.# #.###'# #
#.........# #.#..#.###.##... ##
#.........# #.#(..)....#.... .##
#.........# #......####.....
..####........######...####......
..'................(......+......
..####......########(..####.....>
.## ##..##############.# ##.....
## ######.....@.....#######....
######.....................#####.
##...%........#...#..[.........##
......#...#...#3..#...#...#......
......#...#...#.>.#...#...#......
..#...#...#...#...#...#...#...#..
..#...#...##.#######.##...#...#..
..#...#...####.P..P#'##...#...#..
§.#...#...##P.PP.....##...#...#..


You could see a sixfirhy.

Vanquished Creatures
  5 orbs of fire
  Mennas (Depths:5)
  Mara (Depths:2)
  4 juggernauts
  7 ancient liches
  2 Killer Klowns (Zot:5)
  2 curse toes (Zot:3)
  10 caustic shrikes
  7 golden dragons
  Arachne (Spider:3)
  2 bone dragons
  An electric golem (Zot:5)
  22 tentacled monstrosities
  Jorgrun (Shoals:4)
  2 deep elf blademasters
  3 titans (Vaults:5)
  26 Orb Guardians
  3 liches
  6 quicksilver dragons
  A deep elf master archer (Elf:3)
  An acid blob (shapeshifter) (Vaults:5)
  Gastronok (D:9)
  A tentacled starspawn (Abyss:2)
  6 death cobs
  Frances (D:12)
  5 sphinxes
  Kirke (D:13)
  15 storm dragons
  6 tengu reavers
  14 fire giants
  3 draconian monks
  2 nagarajas (Depths:1)
  8 shadow dragons
  6 draconian knights
  8 ghost moths
  An iron dragon (Depths:3)
  16 frost giants
  5 emperor scorpions
  6 draconian shifters
  19 vault wardens
  A balrug (Depths:2)
  4 deep elf sorcerers
  A caustic shrike zombie (Depths:3)
  5 deep elf elementalists
  An orc warlord (Orc:2)
  6 draconian scorchers
  Aizul (Depths:2)
  3 draconian annihilators
  4 spriggan defenders (Depths:4)
  12 ironheart preservers
  5 draconian stormcallers
  24 very ugly things
  8 entropy weavers
  Nessos (D:14)
  5 black draconians
  18 stone giants
  A vampire knight (Depths:2)
  11 green draconians
  Azrael (D:14)
  8 deep elf demonologists
  An entropy weaver (shapeshifter) (Depths:4)
  5 purple draconians
  7 white draconians
  8 red draconians
  19 spark wasps
  5 deep elf annihilators
  12 ettins
  An orange crystal statue (WizLab)
  10 yellow draconians
  2 merfolk javelineers
  A minotaur (shapeshifter) (Vaults:4)
  A crystal guardian (Vaults:4)
  13 fire dragons
  6 deep elf death magi
  4 merfolk impalers
  3 jiangshi (Depths:5)
  A blizzard demon (Depths:3)
  5 deep elf high priests
  18 yaktaur captains
  26 vault guards
  3 hydras
  Harold (D:12)
  3 great orbs of eyes
  3 spriggan air magi
  11 ice dragons
  A hydra (shapeshifter) (Depths:1)
  5 naga warriors (Depths:1)
  3 rakshasas
  A catoblepas (Lair:2)
  2 anacondas (Depths:1)
  3 merfolk avatars
  Erica (D:8)
  An alligator snapping turtle (Shoals:4)
  5 centaur warriors
  10 merfolk aquamancers
  13 ogre magi
  28 dancing weapons
  40 two-headed ogres
  3 death knights
  8 deep troll shamans
  17 tengu warriors
  2 vampire magi
  14 deep troll earth magi
  2 satyrs (Shoals:3)
  11 spriggan berserkers
  A storm dragon zombie (Vaults:4)
  3 sun demons
  15 hell knights
  3 shadow wraiths
  28 deep elf knights
  Sonja (D:10)
  Nergalle (D:10)
  5 large abominations
  A sixfirhy (Depths:4)
  A salamander mystic (Depths:5)
  4 soul eaters
  A spatial maelstrom (Abyss:2)
  6 starcursed masses (Abyss:2)
  8 unseen horrors
  A death drake (shapeshifter) (Depths:5)
  7 iron trolls
  7 sea snakes
  13 skeletal warriors
  7 glowing orange brains
  2 quicksilver dragon simulacra (Depths:3)
  21 deep elf archers
  16 ironbrand convokers
  11 wizards
  22 deep trolls
  2 flayed ghosts
  A tengu zombie (Vaults:4)
  A harpy (shapeshifter) (Vaults:4)
  A phantasmal warrior (Vaults:5)
  A shadow dragon zombie (Depths:1)
  A swamp dragon (shapeshifter) (Vaults:5)
  2 lindwurms (Depths:1)
  2 lindwurms (shapeshifter) (Vaults:2)
  22 harpies
  53 wolf spiders
  An iron dragon zombie (Depths:3)
  9 necromancers
  8 orc knights
  A shining eye (shapeshifter) (Vaults:4)
  2 orc sorcerers
  5 cyclopes
  94 deep elf magi
  14 manticores
  3 salamanders (Depths:5)
  2 tengu skeletons
  A frost giant zombie (Depths:1)
  21 orb spiders
  2 moths of wrath (shapeshifter)
  A fire giant zombie (Depths:1)
  48 ugly things
  A manticore (shapeshifter) (Vaults:5)
  16 fauns
  Maurice (D:8)
  A black mamba (shapeshifter) (Vaults:3)
  An elephant (shapeshifter) (Vaults:4)
  The ghost of rexbael the Magician, a novice DEFE of Vehumet (D:5)
  7 guardian serpents (Depths:1)
  20 moths of wrath
  A frost giant skeleton (Depths:3)
  8 rust devils (Depths:3)
  8 water nymphs
  An ice statue (Depths:3)
  3 black mambas
  8 merfolk sirens
  An apocalypse crab (Abyss:2)
  2 fire giant skeletons
  3 naga magi (Depths:1)
  A stone giant skeleton (Vaults:3)
  16 vault sentinels
  3 smoke demons
  5 human skeletons
  Psyche (D:10)
  Joseph (D:7)
  A gargoyle (D:12)
  4 orange demons
  2 torpor snails
  A rime drake (shapeshifter) (D:14)
  8 rime drakes
  5 spiny frogs
  An efreet (Depths:3)
  3 hellwings
  2 kobold demonologists (D:15)
  9 freezing wraiths
  58 yaktaurs
  11 komodo dragons
  3 ice devils
  A yaktaur zombie (Vaults:4)
  An ancient zyme (Abyss:5)
  9 demonic crawlers
  21 merfolk
  6 red devils (Depths:5)
  2 tengu conjurers
  3 meliai (D:15)
  2 polar bears
  3 meliai (shapeshifter)
  A polar bear (shapeshifter) (Vaults:3)
  39 jumping spiders
  A shadow dragon simulacrum (Depths:1)
  4 wind drakes
  9 trolls
  A hornet (shapeshifter) (Vaults:5)
  14 blink frogs
  9 hippogriffs
  A hippogriff (shapeshifter) (Depths:3)
  7 dream sheep (Lair:6)
  2 dream sheep (shapeshifter)
  2 fire dragon zombies (Depths:1)
  Prince Ribbit (D:7)
  20 slime creatures
  8 hornets
  5 snapping turtles
  A spriggan zombie (Depths:1)
  2 human simulacra
  4 shadows
  3 flying skulls (Depths:3)
  A spriggan (shapeshifter) (Vaults:2)
  A vampire (D:14)
  8 spriggans
  9 air elementals
  26 tarantellas
  48 redbacks
  23 water elementals
  An orc simulacrum (Vaults:3)
  4 wraiths
  41 yaks
  A yak (shapeshifter) (Vaults:3)
  A tarantella (shapeshifter) (Vaults:5)
  A wyvern (D:14)
  3 hogs (D:13)
  A ynoxinul (Abyss:2)
  20 humans (D:14)
  3 basilisks
  4 fire elementals
  Grum (D:8)
  A basilisk (shapeshifter) (Elf:1)
  A neqoxec (Abyss:2)
  2 hungry ghosts
  7 wargs
  10 nagas (Depths:1)
  6 acid dragons
  16 water moccasins
  3 deep troll skeletons
  A floating eye (Depths:2)
  13 porcupines
  6 hell hounds
  30 orc warriors
  5 ice beasts
  2 black bears
  2 necrophages
  4 ettin simulacra (Depths:3)
  A phantom (D:13)
  2 sky beasts
  An eye of draining (D:9)
  2 eyes of draining (shapeshifter)
  55 ogres
  14 boggarts
  20 wolves
  6 centaurs
  An elf skeleton (Vaults:3)
  6 big kobolds
  16 crocodiles
  14 bullfrogs
  A wyvern zombie (D:9)
  A gnoll sergeant (D:5)
  4 earth elementals
  A water moccasin zombie (D:9)
  A wyvern skeleton (D:8)
  11 scorpions
  2 small abominations (Abyss:2)
  14 killer bees
  16 wights
  2 electric eels (Spider:1)
  3 howler monkeys
  10 crimson imps
  6 centaur zombies
  3 bullfrog zombies
  4 jellies
  3 quasits
  10 hounds
  25 orc priests
  5 human zombies
  32 orc wizards
  2 iguanas
  Crazy Yiuf (D:3)
  Jessica (D:3)
  A bullfrog skeleton (D:11)
  2 centaur skeletons
  Terence (D:2)
  10 worker ants
  Natasha (twice) (D:2 D:1)
  A killer bee zombie (D:8)
  A big kobold zombie (Ossuary)
  2 hound zombies
  2 mummies (Ossuary)
  A hound skeleton (D:7)
  3 worker ant zombies
  9 gnolls
  14 adders
  4 shadow imps
  2 ufetubi
  2 adder zombies
  An adder skeleton (D:7)
  4 worms
  5 dart slugs
  A leopard gecko (D:5)
  98 orcs
  8 giant cockroaches
  5 goblins
  9 hobgoblins
  4 jackals (D:8)
  A quokka (D:3)
  6 ball pythons
  4 bats
  7 frilled lizards
  2 goblin zombies (Ossuary)
  8 hobgoblin zombies (Ossuary)
  A jackal zombie (Ossuary)
  37 kobolds
  9 kobold zombies (Ossuary)
  A leopard gecko skeleton (D:6)
  A leopard gecko zombie (D:5)
  8 orc zombies (Ossuary)
  2 quokka skeletons
  6 rats
  2 rat zombies (Ossuary)
  A plant (Depths:2)
  A tentacle (Shoals:4)
2465 creatures vanquished.

Vanquished Creatures (collateral kills)
  Frederick (Vaults:2)
  A tentacled monstrosity (Vaults:5)
  A kraken (Shoals:4)
  Ilsuiw (Shoals:4)
  A ghost moth (Spider:4)
  2 vault wardens (Vaults:4)
  A deep elf sorcerer (Vaults:2)
  A deep elf elementalist (Vaults:5)
  3 very ugly things (Vaults:5)
  An ironheart preserver (Vaults:5)
  5 entropy weavers
  A stone giant (Vaults:5)
  A spark wasp (Spider:3)
  An ettin (Vaults:5)
  A fire dragon (Vaults:1)
  A yaktaur captain (Vaults:5)
  2 merfolk impalers (Shoals:4)
  A great orb of eyes (Vaults:1)
  2 vault guards (Vaults:5)
  A merfolk aquamancer (Shoals:4)
  2 two-headed ogres
  An ogre mage (Orc:2)
  Urug (D:13)
  3 dancing weapons (Elf:2)
  A hell knight (Depths:5)
  2 deep elf knights (Elf:2)
  2 skeletal warriors (Vaults:2)
  A sea snake (Shoals:4)
  3 ironbrand convokers
  A deep elf archer (Elf:1)
  A necromancer (Depths:5)
  2 orb spiders
  3 wolf spiders
  9 deep elf magi
  A manticore (Shoals:4)
  A torpor snail (Spider:3)
  A vault sentinel (Vaults:4)
  A freezing wraith (Vaults:5)
  4 yaktaurs (Vaults:4)
  2 jumping spiders
  A demonic crawler (Spider:4)
  A merfolk (Shoals:4)
  6 hornets
  2 wind drakes (Shoals:4)
  2 snapping turtles (Shoals:4)
  10 redbacks
  8 tarantellas
  2 yaks (D:10)
  2 orc warriors (Orc:2)
  2 ogres
  A centaur (D:10)
  An orc priest (D:10)
  A worker ant (D:10)
  7 orcs
  A quokka (D:10)
  2 tentacles (Shoals:4)
120 creatures vanquished.

Vanquished Creatures (others)
  A draconian monk (Zot:4)
  A merfolk javelineer (Shoals:3)
  2 centaur warriors
  An ogre mage (Vaults:4)
  2 deep elf knights
  A shadow wraith (Vaults:4)
  4 deep elf archers
  3 deep elf magi
  A wolf spider (Spider:1)
  A manticore (Shoals:4)
  8 yaktaurs
  3 jumping spiders
  2 red devils (Depths:3)
  A snapping turtle (Shoals:4)
  An air elemental (Depths:3)
  A centaur (Shoals:4)
  A boggart (Depths:1)
  A scorpion (Spider:2)
  3 fungi
  4 plants
  5 tentacles (Shoals:4)
  16 toadstools (Lair:5)
63 creatures vanquished.

Grand Total: 2648 creatures vanquished

Notes
Turn   | Place    | Note
-------+----------+-------------------------------------------
     0 | D:1      | tomku the Ghoul Monk began the quest for the Orb.
     0 | D:1      | Reached XP level 1. HP: 19/19 MP: 0/0
   102 | D:1      | Reached XP level 2. HP: 26/26 MP: 1/1
   492 | D:1      | Reached XP level 3. HP: 24/31 MP: 2/2
  1074 | D:2      | Noticed Terence
  1187 | D:2      | Reached skill level 5 in Unarmed Combat
  1561 | D:2      | Noticed Natasha
  1567 | D:2      | Killed Natasha
  1567 | D:2      | Reached XP level 4. HP: 31/38 MP: 3/3
  1854 | D:3      | Noticed Jessica
  1861 | D:3      | Killed Jessica
  1861 | D:3      | Reached XP level 5. HP: 45/45 MP: 4/4
  2370 | D:3      | Found a runed door.
  2557 | D:4      | Found a sand-covered staircase.
  2676 | Ossuary  | Entered an ossuary
  2799 | Ossuary  | Reached XP level 6. HP: 30/49 MP: 5/5
  3229 | D:4      | Reached XP level 7. HP: 31/57 MP: 6/6
  3769 | D:5      | Entered Level 5 of the Dungeon
  3817 | D:5      | Reached skill level 4 in Fighting
  3893 | D:5      | Reached XP level 8. HP: 25/67 MP: 7/7
  4209 | D:5      | Noticed rexbael's ghost (novice DEFE)
  4239 | D:5      | Killed rexbael's ghost
  4239 | D:5      | Reached skill level 5 in Fighting
  4239 | D:5      | Reached skill level 10 in Unarmed Combat
  4444 | D:5      | Reached skill level 6 in Fighting
  4773 | D:5      | Reached skill level 1 in Armour
  4773 | D:5      | Reached XP level 9. HP: 74/75 MP: 8/8
  5212 | D:3      | Noticed Crazy Yiuf
  5227 | D:3      | Killed Crazy Yiuf
  5368 | D:2      | Killed Terence
  5688 | D:6      | Found a hide-covered altar of Uskayaw.
  5826 | D:6      | Found Qubb's Armour Boutique.
  5829 | D:6      | lies! no death resistance
  6136 | D:7      | Found Haluoh's Food Emporium.
  6183 | D:7      | Noticed Joseph
  6189 | D:7      | Noticed Prince Ribbit
  6196 | D:7      | Killed Joseph
  6414 | D:7      | Got a crude mace
  6445 | D:7      | Found Hufyfani's Book Shop.
  6488 | D:7      | Found a staircase to the Ecumenical Temple.
  6498 | Temple   | Entered the Ecumenical Temple
  6522 | Temple   | Became a worshipper of Makhleb the Destroyer
  6522 | Temple   | Reached * piety under Makhleb
  6522 | Temple   | Reached ** piety under Makhleb
  6567 | D:7      | Found a stormy altar of Qazlal.
  6690 | D:7      | Found Pel Miaps's Magic Scroll Shop.
  6696 | D:7      | Bought a scroll of noise for 16 gold pieces
  6785 | D:7      | Found Goulev's Distillery.
  6797 | D:7      | Found an ancient bone altar of Kikubaaqudgha.
  7092 | D:7      | Found Hufyfani's Book Shop.
  7154 | D:7      | Found Pel Miaps's Magic Scroll Shop.
  7161 | D:7      | Found a stormy altar of Qazlal.
  7168 | D:7      | Found a staircase to the Ecumenical Temple.
  7195 | D:7      | Killed Prince Ribbit
  7258 | D:8      | Noticed a two-headed ogre
  7321 | D:7      | Found Goulev's Distillery.
  7330 | D:7      | Found an ancient bone altar of Kikubaaqudgha.
  7338 | D:7      | Found Haluoh's Food Emporium.
  7354 | D:8      | Noticed Erica
  7355 | D:8      | Noticed Grum
  7365 | D:7      | Reached XP level 10. HP: 77/83 MP: 9/9
  7437 | D:8      | Killed Grum
  7447 | D:8      | Killed Erica
  7493 | D:8      | Noticed Maurice
  7508 | D:8      | Killed Maurice
  7508 | D:8      | Reached skill level 5 in Armour
  7769 | D:8      | Killed a two-headed ogre
  7851 | D:9      | Found Vavvurch's Distillery.
  7983 | D:9      | Reached *** piety under Makhleb
  7987 | D:9      | Found Huanobagh's Jewellery Emporium.
  7999 | D:9      | Bought a cursed -2 ring of dexterity for 26 gold pieces
  8024 | D:9      | Noticed a two-headed ogre
  8128 | D:9      | Reached skill level 7 in Fighting
  8155 | D:8      | Reached XP level 11. HP: 89/92 MP: 10/10
  8253 | D:9      | Found Saiwawuy's Weapon Shoppe.
  8301 | D:9      | Killed a two-headed ogre
  8345 | D:9      | Noticed Gastronok
  8361 | D:9      | Killed Gastronok
  8361 | D:9      | Reached skill level 15 in Unarmed Combat
  8407 | D:9      | Found Imisio's Food Shop.
  8407 | D:9      | Noticed a purple ugly thing
  8415 | D:9      | Killed a purple ugly thing
  8415 | D:9      | Reached skill level 8 in Fighting
  8778 | D:10     | Entered Level 10 of the Dungeon
  8828 | D:10     | Noticed Psyche
  8842 | D:10     | Killed Psyche
  8879 | D:10     | Noticed Sonja
  8939 | D:10     | Reached **** piety under Makhleb
  8989 | D:10     | Killed Sonja
  8989 | D:10     | Reached skill level 1 in Invocations
  8998 | D:10     | Got an emerald-encrusted chain mail
  9002 | D:10     | Identified the cursed +1 chain mail of the Black Moon {MR- Int+3 Dex+3} (You took it off an orc on level 10 of the Dungeon)
  9042 | D:7      | Bought a scroll of identify for 32 gold pieces
  9042 | D:7      | Bought a scroll of identify for 32 gold pieces
  9042 | D:7      | Bought a scroll of identify for 32 gold pieces
  9383 | D:10     | Found a staircase to the Lair.
  9770 | D:10     | Noticed Nergalle
  9849 | D:10     | Reached XP level 12. HP: 103/103 MP: 12/12
  9864 | D:10     | Reached skill level 9 in Fighting
  9993 | D:10     | Killed Nergalle
 10080 | D:10     | Found a staircase to the Orcish Mines.
 10326 | D:11     | Noticed a two-headed ogre
 10337 | D:11     | Killed a two-headed ogre
 10446 | D:11     | Reached ***** piety under Makhleb
 10641 | D:11     | Noticed a two-headed ogre
 10653 | D:11     | Killed a two-headed ogre
 11128 | D:12     | Reached skill level 5 in Invocations
 11149 | D:12     | Noticed Harold
 11167 | D:12     | Killed Harold
 11167 | D:12     | Reached skill level 10 in Fighting
 11423 | D:12     | Noticed Frances
 11438 | D:12     | Killed Frances
 11511 | D:12     | Reached XP level 13. HP: 113/113 MP: 16/16
 12025 | D:12     | Identified the +11 mace of Domecw {drain, +Blink rC+ Dex+4 Stlth+} (You found it on level 7 of the Dungeon)
 12108 | D:13     | Noticed Kirke
 12137 | D:13     | Killed Kirke
 12325 | D:13     | Found Puagg's Antique Weapon Shoppe.
 12515 | D:13     | Noticed Urug
 12532 | D:13     | Killed Urug
 12532 | D:13     | Reached skill level 11 in Fighting
 13556 | D:14     | Noticed Azrael
 13574 | D:14     | Killed Azrael
 13701 | Lair:1   | Entered Level 1 of the Lair of Beasts
 14650 | Lair:2   | Reached ****** piety under Makhleb
 14651 | Lair:2   | Reached XP level 14. HP: 105/125 MP: 19/19
 14983 | Lair:2   | Reached skill level 12 in Fighting
 15945 | Lair:4   | Found a staircase to the Shoals.
 16246 | Lair:4   | Learned a level 1 spell: Apportation
 16264 | Lair:4   | Found a hole to the Spider Nest.
 16994 | Lair:5   | Found a viscous altar of Jiyva.
 16994 | Lair:5   | Found a staircase to the Slime Pits.
 17020 | Lair:5   | Found a blossoming altar of Fedhas.
 17110 | Lair:5   | Found a deep blue altar of Sif Muna.
 17297 | Lair:6   | Entered Level 6 of the Lair of Beasts
 17644 | Lair:6   | Reached skill level 1 in Shields
 18040 | Lair:6   | Cast into level 2 of the Abyss (a wizard)
 18149 | Abyss:2  | Noticed a tentacled starspawn
 18157 | Abyss:2  | Killed a tentacled starspawn
 18174 | Abyss:2  | Reached XP level 15. HP: 134/134 MP: 20/20
 18271 | Lair:6   | Escaped the Abyss
 18518 | Lair:6   | Reached skill level 13 in Fighting
 18518 | Lair:6   | Reached skill level 5 in Shields
 18854 | D:11     | Got a pair of ancient gloves
 18855 | D:11     | Identified the +0 pair of gloves of the Harvest Moon {+Inv +Fly rF-} (You found it on level 11 of the Dungeon)
 19009 | D:14     | Noticed Nessos
 19072 | D:14     | Killed Nessos
 19642 | D:14     | Found a gate to the Vaults.
 19741 | D:15     | Entered Level 15 of the Dungeon
 19849 | D:15     | Found a staircase to the Depths.
 20561 | D:15     | Learned a level 2 spell: Blink
 20866 | Orc:1    | Entered Level 1 of the Orcish Mines
 21088 | Orc:2    | Entered Level 2 of the Orcish Mines
 21387 | Orc:1    | Reached skill level 10 in Invocations
 21557 | Orc:2    | Reached skill level 14 in Fighting
 21604 | Orc:2    | Found Cemel's Antique Armour Emporium.
 21604 | Orc:2    | Found Lafezara's Assorted Antiques.
 21605 | Orc:2    | Found Tiku Roc's Antique Weapon Boutique.
 21605 | Orc:2    | Found Copum's Assorted Antiques.
 21612 | Orc:2    | Bought a jewelled plate armour for 644 gold pieces
 21616 | Orc:2    | Identified the +8 plate armour "Ylisumn" {Dex+2} (You bought it in a shop on level 2 of the Orcish Mines)
 21628 | Orc:2    | Bought a glittering pewter ring for 115 gold pieces
 21628 | Orc:2    | Identified the ring of Suloul {Wiz Str+6 Int+3 Dex-5 Slay+3} (You bought it in a shop on level 2 of the Orcish Mines)
 21646 | Orc:2    | Paralysed by an orc sorcerer for 4 turns
 21654 | Orc:2    | Reached XP level 16. HP: 146/146 MP: 22/22
 21792 | Orc:2    | Found a staircase to the Elven Halls.
 21964 | Orc:2    | Found Itomaohi's Food Shoppe.
 23121 | Orc:2    | Bought a notched steel ring for 140 gold pieces
 23134 | Orc:2    | Bought a potion of flight for 69 gold pieces
 23254 | Spider:1 | Entered Level 1 of the Spider Nest
 24066 | Spider:2 | Reached skill level 5 in Dodging
 24552 | Spider:2 | Reached skill level 15 in Fighting
 24586 | Spider:2 | Reached skill level 10 in Armour
 25061 | Spider:3 | Reached XP level 17. HP: 100/156 MP: 23/23
 25371 | Spider:3 | Noticed Arachne
 25400 | Spider:3 | Killed Arachne
 25870 | Spider:4 | Entered Level 4 of the Spider Nest
 25872 | Spider:4 | Upgraded the game from 0.21-a0-19-g210df22 to 0.21-a0-24-ga372141
 26492 | Spider:4 | Reached skill level 16 in Fighting
 27206 | Spider:4 | Reached XP level 18. HP: 103/168 MP: 0/24
 27218 | Spider:4 | Got a gossamer rune of Zot
 27610 | Shoals:1 | Entered Level 1 of the Shoals
 27696 | Shoals:1 | Reached skill level 17 in Fighting
 28609 | Orc:2    | Bought a scroll of teleportation for 69 gold pieces
 28610 | Orc:2    | Bought a scroll of teleportation for 84 gold pieces
 28662 | Elf:1    | Entered Level 1 of the Elven Halls
 28818 | Elf:1    | Found a flickering gateway to a bazaar.
 28831 | Bazaar   | Entered a bazaar
 28831 | Bazaar   | Found Gyhyn's Armour Shoppe.
 28831 | Bazaar   | Found Cozia's Gadget Shoppe.
 28831 | Bazaar   | Found Qyurreimu's Assorted Antiques.
 28833 | Bazaar   | Found Rukes's Antique Weapon Emporium.
 28850 | Bazaar   | Bought a scroll of blinking for 180 gold pieces
 28850 | Bazaar   | Bought a potion of curing for 72 gold pieces
 28850 | Bazaar   | Bought a potion of might for 96 gold pieces
 28850 | Bazaar   | Bought a scroll of identify for 48 gold pieces
 28862 | Bazaar   | Bought a scroll of identify for 48 gold pieces
 28862 | Bazaar   | Bought a scroll of identify for 48 gold pieces
 28948 | Elf:1    | You fall through a shaft!
 28956 | Elf:2    | Found a huge runed gate.
 28956 | Elf:2    | Found a huge runed gate.
 28956 | Elf:2    | Found a huge runed gate.
 28956 | Elf:2    | Found a huge runed gate.
 28957 | Elf:2    | Found a huge runed gate.
 28972 | Elf:2    | Noticed a deep elf blademaster
 28990 | Elf:2    | Killed a deep elf blademaster
 29435 | Elf:2    | Reached skill level 18 in Fighting
 29924 | Elf:2    | Reached XP level 19. HP: 164/180 MP: 21/25
 29934 | Elf:2    | Found Xafre's Weapon Shoppe.
 30866 | Elf:1    | Identified Johuig's Reference Book on Conjuration
 31233 | Elf:3    | Entered Level 3 of the Elven Halls
 31530 | Elf:3    | Reached skill level 19 in Fighting
 32221 | Elf:3    | Noticed a Brimstone Fiend
 32287 | Elf:3    | Noticed a Tzitzimitl
 32295 | Elf:3    | Noticed a Tzitzimitl
 33729 | Vaults:1 | Entered Level 1 of the Vaults
 33786 | Vaults:1 | Got a smelly plate armour
 33787 | Vaults:1 | Identified the +1 plate armour of Gozag's Reproof {Dex+3} (You found it on level 1 of the Vaults)
 34262 | Vaults:1 | Identified a scroll of acquirement
 34317 | Vaults:1 | Reached XP level 20. HP: 185/191 MP: 25/28
 34367 | Vaults:1 | Found a deep blue altar of Sif Muna.
 35774 | Vaults:2 | Reached skill level 20 in Fighting
 36395 | Vaults:2 | Noticed Frederick
 36406 | Vaults:2 | Killed Frederick
 36409 | Vaults:2 | Found Zamod's Food Shop.
 36417 | Vaults:2 | Bought a meat ration for 55 gold pieces
 36417 | Vaults:2 | Bought a meat ration for 55 gold pieces
 37100 | Vaults:3 | Reached XP level 21. HP: 197/201 MP: 26/29
 37205 | Vaults:3 | bone dragon here?
 37289 | Vaults:3 | Reached skill level 15 in Armour
 37292 | Vaults:3 | Found a staircase to the Crypt.
 39594 | Vaults:4 | Reached XP level 22. HP: 211/211 MP: 30/30
 40248 | Vaults:4 | Learned a level 1 spell: Confusing Touch
 40433 | Vaults:4 | Reached skill level 21 in Fighting
 40857 | Vaults:4 | Learned a level 3 spell: Ozocubu's Armour
 40974 | Vaults:5 | Entered Level 5 of the Vaults
 41560 | Depths:1 | Entered Level 1 of the Depths
 41851 | Depths:1 | Found a one-way gate to the infinite horrors of the Abyss.
 42427 | Depths:1 | Reached skill level 22 in Fighting
 42771 | Depths:1 | Found Wiefywk's Antique Weapon Emporium.
 42845 | Depths:1 | Found a gateway to Hell.
 42891 | Depths:1 | Reached XP level 23. HP: 223/223 MP: 31/31
 42970 | Depths:2 | Noticed Aizul
 43021 | Depths:2 | Killed Aizul
 43021 | Depths:2 | Reached skill level 10 in Shields
 43209 | Depths:2 | Found a magical portal.
 43220 | WizLab   | Entered Wucad Mu's Monastery
 43221 | WizLab   | should we try it
 43221 | WizLab   | let's try it
 43595 | WizLab   | Reached XP level 24. HP: 222/233 MP: 31/31
 44383 | Depths:2 | Reached skill level 23 in Fighting
 44576 | Depths:2 | Noticed a juggernaut
 44596 | Depths:2 | Killed a juggernaut
 44786 | Depths:2 | Noticed a juggernaut
 44796 | Depths:2 | Killed a juggernaut
 44851 | Depths:2 | Noticed Mara
 44896 | Depths:2 | Noticed tomku's illusion
 44904 | Depths:2 | Killed Mara
 45147 | Depths:2 | Reached skill level 24 in Fighting
 45728 | Depths:3 | Found an ancient bone altar of Kikubaaqudgha.
 45842 | Depths:3 | Found a shattered altar of Ashenzari.
 45844 | Depths:3 | Found a one-way gate leading to the halls of Pandemonium.
 45882 | Depths:3 | Noticed a juggernaut
 45891 | Depths:3 | Reached XP level 25. HP: 233/247 MP: 28/31
 46521 | Depths:3 | Got a translucent amber ring
 46522 | Depths:3 | Identified the ring of Xom's Displeasure {+Fly Str-2 Int+10 Stlth+} (You acquired it on level 3 of the Depths)
 46536 | Depths:3 | Found a basalt altar of Yredelemnul.
 46989 | Depths:3 | Reached skill level 25 in Fighting
 47378 | Depths:3 | Found a burning altar of Makhleb.
 47538 | Depths:3 | Killed a juggernaut
 49546 | Shoals:3 | Reached XP level 26. HP: 259/259 MP: 31/31
 50107 | Shoals:4 | Entered Level 4 of the Shoals
 50140 | Shoals:4 | Noticed Ilsuiw
 50156 | Shoals:4 | Killed Ilsuiw
 50255 | Shoals:4 | Noticed Jorgrun
 50263 | Shoals:4 | Killed Jorgrun
 50923 | Shoals:4 | Reached skill level 26 in Fighting
 50946 | Shoals:4 | Got a barnacled rune of Zot
 51688 | Vaults:5 | Noticed an ancient lich
 51704 | Vaults:5 | Killed an ancient lich
 51925 | Vaults:5 | i'm not trapped in here with you
 51925 | Vaults:5 | you're trapped in here with ME
 52057 | Vaults:5 | Got a silver rune of Zot
 52136 | Vaults:5 | Paralysed by a sphinx for 3 turns
 52249 | Vaults:5 | Got a fine platinum ring
 52250 | Vaults:5 | Identified the ring of Vanity {+Fly Slay+2} (You found it on level 5 of the Vaults)
 52551 | Vaults:5 | Reached XP level 27. HP: 271/271 MP: 31/31
 52592 | Vaults:5 | Reached skill level 27 in Fighting
 53291 | Vaults:5 | Got a dazzling plate armour
 53302 | Vaults:5 | Identified the +10 plate armour of Ginku {rF+ Dex+2} (You found it on level 5 of the Vaults)
 53617 | D:9      | Bought an uncursed ring of see invisible for 195 gold pieces
 53929 | Depths:4 | Found Oqonucidwa's Gadget Shoppe.
 53931 | Depths:4 | Found Tirara's Weapon Emporium.
 53933 | Depths:4 | Found Inidotist's Antique Weapon Shoppe.
 54270 | Depths:4 | Noticed a juggernaut
 54283 | Depths:4 | Killed a juggernaut
 54529 | Depths:4 | Got a translucent falchion {freeze}
 54530 | Depths:4 | Identified the +6 falchion of Tifrumo {freeze, Str+4 Dex+7} (You took it off a tengu reaver on level 4 of the Depths)
 54534 | Depths:4 | Found a gateway to a ziggurat.
 54613 | Depths:4 | Got an ichor-stained robe
 54614 | Depths:4 | Identified the cursed +1 robe of Zuacsaes {-Tele rN++ Dex+5} (You took it off a spriggan defender on level 4 of the Depths)
 54783 | Depths:4 | Identified the Guide on Poisoning and Snow
 54819 | Depths:4 | poisoning and snow, eh
 54821 | Depths:5 | Entered Level 5 of the Depths
 54821 | Depths:5 | Found Vahof's Assorted Antiques.
 54839 | Depths:5 | Bought a scroll of identify for 106 gold pieces
 54839 | Depths:5 | Bought a scroll of remove curse for 159 gold pieces
 54839 | Depths:5 | Bought a potion of heal wounds for 265 gold pieces
 54839 | Depths:5 | Bought a scroll labeled FERIWUSUEG for 53 gold pieces
 54870 | Depths:5 | Noticed Mennas
 54870 | Depths:5 | fuck mennas honestly
 55000 | Depths:5 | Killed Mennas
 55683 | Depths:5 | Found a gate to the Realm of Zot.
 55939 | Zot:1    | Entered Level 1 of the Realm of Zot
 56187 | Zot:1    | Noticed an orb of fire
 56197 | Zot:1    | Killed an orb of fire
 56438 | Zot:1    | Reached skill level 10 in Dodging
 57355 | Zot:3    | Got a distressingly furry cloak
 57356 | Zot:3    | Identified the cursed +0 cloak of Nukikoth {rPois rF+ Str+3 Dex+7} (You took it off a draconian knight on level 3 of the Realm of Zot)
 58041 | Zot:3    | You fall through a shaft!
 58078 | Zot:4    | Learned a level 3 spell: Regeneration
 58081 | Zot:4    | Learned a level 2 spell: Shroud of Golubria
 58723 | Zot:5    | Entered Level 5 of the Realm of Zot
 59169 | Zot:5    | Noticed an ancient lich
 59191 | Zot:5    | Noticed an ancient lich
 59195 | Zot:5    | Killed an ancient lich
 59213 | Zot:5    | Killed an ancient lich
 59247 | Zot:5    | Noticed an ancient lich
 59270 | Zot:5    | Killed an ancient lich
 59338 | Zot:5    | Noticed an ancient lich
 59342 | Zot:5    | Cast into level 5 of the Abyss (an ancient lich)
 59342 | Abyss:5  | Entered Level 5 of the Abyss
 59344 | Abyss:5  | Found a burning altar of Makhleb.
 59386 | Zot:5    | Escaped the Abyss
 59396 | Zot:5    | Killed an ancient lich
 59408 | Zot:5    | Noticed an orb of fire
 59409 | Zot:5    | Noticed an orb of fire
 59428 | Zot:5    | Killed an orb of fire
 59440 | Zot:5    | Killed an orb of fire
 59445 | Zot:5    | Noticed an ancient lich
 59451 | Zot:5    | Killed an ancient lich
 59496 | Zot:5    | Noticed an ancient lich
 59511 | Zot:5    | Killed an ancient lich
 59656 | Zot:5    | Noticed an orb of fire
 59678 | Zot:5    | Killed an orb of fire
 59678 | Zot:5    | Reached skill level 15 in Shields
 59750 | Zot:5    | Noticed an orb of fire
 59778 | Zot:5    | Killed an orb of fire
 59924 | Zot:5    | Got the Orb of Zot
 59959 | Zot:5    | Noticed Dyloutic the pandemonium lord
 60442 | D:2      | Noticed Natasha
 60456 | D:1      | we're make it together, my beloved feline!
 60456 | D:1      | we'll* even :D
 60461 | D:1      | Killed Natasha
 60462 | D:1      | just joking i owe nobody nuffin
 60463 | D:$      | Escaped with the Orb!

Vault maps used:
D:1:      dpeg_arrival_water_fire
D:2:      first_bread, serial_glass, glass_columns_c, glass_columns_c,
          hex_large, uniq_terence, uniq_natasha
D:3:      uniq_jessica, uniq_crazy_yiuf_cottage
D:4:      nicolae_ossuary_entry_false_entrances
D:5:      kennysheep_kobold_camp, minmay_misc_feat_doors
D:6:      eat_drink_and_be_merry_uskayaw, serial_shops, kennysheep_mini_moat,
          kennysheep_generic_room_5
D:7:      nicolae_overflow_hidden_temple, minmay_temple_entry_junction,
          serial_shops, shop, shop_statue, nicolae_shop_crystal, shop,
          grunt_qazlal_clouds, uniq_joseph, uniq_prince_ribbit1
D:8:      uniq_maurice, uniq_grum, uniq_erica
D:9:      serial_shops, nicolae_shop_statue_plus, shop, shop, shop, the_bakery,
          minmay_orc_keep, uniq_gastronok
D:10:     erik_lair_orcish_takeover, david_orc_4, uniq_nergalle, uniq_sonja,
          uniq_psyche
D:11:     hangedman_decor_opposing
D:12:     uniq_harold, uniq_frances
D:13:     serial_shops, nicolae_shop_window_shopping, nicolae_benzene_ring,
          uniq_kirke, uniq_urug
D:14:     grunt_vaults_entry_tiered, hangedman_decor_clover_reticule,
          uniq_nessos, uniq_azrael
D:15:     grunt_enter_depths_hoard, bh_walls_and_bars, nooodl_orcs_dogs
Temple:   regret_index_temple_chain_breaker
Lair:1:   nicolae_quartered_pool_medium, lemuel_fruit_fields
Lair:2:   beast_lair_carwin_1
Lair:4:   shoals_dummy_entry, nicolae_spider_entry_orb_guardian
Lair:5:   dpeg_slime_entry_enclosed_altar, basic_altar, tgw_fedhas
Lair:6:   evil_forest
Shoals:2: ldierk_geyser, nicolae_shoals_water_shrine
Shoals:3: cheibrodos_shoals_baths, nicolae_shoals_arrival_archipelago
Shoals:4: shoals_end_grunt_ice, shoals_ilsuiw_alternative, uniq_jorgrun,
          uniq_ilsuiw
Spider:2: nicolae_spider_corner, guppyfry_spider_mini_3, uniq_roxanne
Spider:3: uniq_arachne
Spider:4: johnstein_spider_rune_arachne_lair
Orc:2:    st_orc_ogre_mass, serial_shops, shop_statue
Elf:1:    elf_arrival_001, serial_shops, bzr_firewalk, minmay_elf_annihilation,
          einodemon_barbed_minivault
Elf:2:    serial_shops, shop
Elf:3:    elf_hall_gauntlet_narrow, nicolae_elf_glass_and_crystal_pillar_1
Vaults:1: vaults_mumra_lcd, nicolae_vaults_big_angled_halls,
          nicolae_vaults_arrows, v_rooms_2, vaults_mumra_chevron, v_pattern_5,
          ontoclasm_vaults_loading_screen, basic_altar
Vaults:2: hangedman_vaults_stagger, vaults_standard_mumra_lines, v_misc_1,
          v_misc_12, nicolae_vaults_sealed_display,
          nicolae_vaults_disjoint_gnomons, nicolae_vaults_asterisk,
          nicolae_vaults_little_ls, v_misc_8, nicolae_vaults_quartermaster,
          ontoclasm_vaults_decontamination, vaults_dpeg_ring, serial_shops,
          nicolae_shop_statue_plus, uniq_frederick
Vaults:3: grunt_vaults_twisty, minmay_crypt_entry_skeletal_spiral, serial_ice_h,
          v_misc_1, st_more_cells, ontoclasm_vaults_pinch, v_misc_1,
          nicolae_vaults_little_squares_2, hangedman_vaults_unwind,
          ontoclasm_vaults_ring_square, v_misc_31, v_misc_14,
          ontoclasm_vaults_claustrophobia, v_misc_1, grunt_vaults_bifocal,
          grunt_vaults_hallway_long
Vaults:4: v_misc_19, nicolae_vaults_border_crossing,
          hangedman_vaults_corner_blocks, ontoclasm_vaults_fire_temple,
          vaults_room_fours, v_misc_26, grunt_vaults_hallway_short,
          nicolae_vaults_little_squares_3,
          nicolae_vaults_windows_and_doors_thing, nicolae_vaults_asterisk
Vaults:5: serial_shops
Depths:1: serial_shops, shop, abyss_entry, pf_hell_entry_tar_spiral,
          minmay_crystal_water, statue_in_the_mist_lemuel, grunt_ministairs_6,
          minmay_serpent_palace
Depths:2: cell_vault, minmay_misc_feat_room, hell_entry, mu_enter_wizlab_6,
          serial_bayou_lake_a, uniq_aizul, uniq_mara
Depths:3: grunt_profane_halls, hell_entry, abyss_entry, pan_entry
Depths:4: minmay_chopped_fan, enter_ziggurat_f, abyss_entry, hex_medium,
          grunt_metal_band, serial_bayou_pond_a, infiniplex_staircase_pool_2,
          minmay_shop_star
Depths:5: evilmike_zot_entry_diamond, serial_shops, shop, hellmouth_3,
          nrook_mini_vaults, hangedman_abyss_or_decor_stagger, uniq_mennas
Zot:4:    nicolae_zot_stationary_front
Zot:5:    hangedman_zot_decor_tridents
Abyss:5:  evilmike_abyss_exit_plants, nicolae_abyss_rune_star_stuff
Bazaar:   bazaar_general_marketplace
Ossuary:  ossuary_tomb_1
WizLab:   wizlab_wucad

Skill      XL: |  1  2  3  4  5  6  7  8  9 10 11 12 13 14 15 16 17 18 19 20 21 22 23 24 25 26 27 |
---------------+----------------------------------------------------------------------------------+-----
Unarmed Combat | 4 5 6 7 8 9 11 13 14 16 17 18 20 21 22 25 | 25.8
Fighting       | 4 6 7 8 10 11 12 14 15 16 18 19 20 22 24 25 26 27 | 27.0
Armour         | 1 4 6 7 8 10 11 12 14 17 18 20 21 24 | 24.0
Invocations    | 2 6 8 10 12 13 14 | 14.0
Shields        | 4 8 9 10 15 | 15.4
Dodging        | 3 6 8 9 14 | 14.3
Stealth        | |  2.1

Action                   |  1- 3 |  4- 6 |  7- 9 | 10-12 | 13-15 | 16-18 | 19-21 | 22-24 | 25-27 || total
-------------------------+-------+-------+-------+-------+-------+-------+-------+-------+-------++-------
Melee: Unarmed           |    84 |   194 |   357 |   641 |  1240 |  1632 |  2000 |  1593 |  3137 || 10878
       Punch             |     1 |     4 |     9 |    43 |    43 |       |       |       |       ||   100
Throw: Tomahawk          |       |     2 |     3 |       |       |     7 |       |       |       ||    12
       Throwing net      |       |       |       |       |       |       |     1 |       |     1 ||     2
Invok: Lesser Servant of |       |       |       |     2 |     5 |       |       |       |       ||     7
       Greater Servant o |       |       |       |       |       |    16 |     9 |     7 |    16 ||    48
 Abil: Evoke Flight      |       |       |       |       |       |       |       |       |    19 ||    19
       Stop Flying       |       |       |       |       |       |       |       |       |     2 ||     2
Evoke: Wand              |       |       |     1 |    13 |     5 |     2 |     4 |     2 |     4 ||    31
  Use: Scroll            |       |     6 |    16 |     9 |    16 |     8 |     9 |     8 |    31 ||   103
       Potion            |       |     3 |     4 |     2 |     6 |     2 |     1 |     4 |     5 ||    27
 Stab: Sleeping          |     2 |       |       |       |       |       |       |       |       ||     2
       Confused          |       |       |       |     1 |     3 |       |       |       |     5 ||     9
       Distracted        |       |       |       |     1 |       |     6 |     1 |       |     2 ||    10
       Held in net/web   |       |       |       |       |       |     1 |       |       |       ||     1
  Eat: Chunk             |     6 |     5 |    29 |    66 |   107 |   170 |   179 |   135 |   197 ||   894
       Meat ration       |       |       |       |       |       |     1 |       |       |       ||     1
Armor: Robe              |     7 |       |       |       |       |       |       |       |       ||     7
       Scale mail        |     3 |    80 |    23 |       |       |       |       |       |       ||   106
       Plate armour      |       |       |   117 |   406 |   617 |  1017 |   169 |       |       ||  2326
       Crystal plate arm |       |       |       |       |       |       |   547 |   906 |  1658 ||  3111
Dodge: Dodged            |    51 |    76 |   104 |   228 |   329 |   484 |   288 |   367 |   773 ||  2700
Block: Shield            |       |       |       |       |   379 |  1157 |   980 |  1412 |  2702 ||  6630
       Reflection        |       |       |       |       |       |    17 |   102 |    59 |   136 ||   314
